Workbook
Name Constr: '24821'!$A$1
Name FOT: '24821'!$D$17
Name Ind: '24821'!#REF!
Name Obj: '24821'!$D$9
Name Obosn: '24821'!$D$12
Name SmPr: '24821'!$D$13
Name аааааппппппрррппппппп: #REF!
Name аааааппппппрррппппппп: #REF!
Name аараооооооооооооо: #REF!
Name аараооооооооооооо: #REF!
Name автом: #REF!
Name автом: #REF!
Name алшрльоплварл: #REF!
Name алшрльоплварл: #REF!
Name аолвлддддддддддддддддввввввввв: #REF!
Name аолвлддддддддддддддддввввввввв: #REF!
Name апарв: #REF!
Name апарв: #REF!
Name апрлдджаоырыфрпопрлпрлпрлп: #REF!
Name апрлдджаоырыфрпопрлпрлпрлп: #REF!
Name арлггаджаш: #REF!
Name арлггаджаш: #REF!
Name ароррбллтблпроорапииас: #REF!
Name ароррбллтблпроорапииас: #REF!
Name арррррблллпдрлдддддддддд: #REF!
Name арррррблллпдрлдддддддддд: #REF!
Name варпаааааааааа: #REF!
Name варпаааааааааа: #REF!
Name ввпьььььлднд: #REF!
Name ввпьььььлднд: #REF!
Name вед: #REF!
Name вед: #REF!
Name вертикальная: #REF!
Name вертикальная: #REF!
Name вертикплан: #REF!
Name вертикплан: #REF!
Name волен: #REF!
Name волен: #REF!
Name вп: #REF!
Name вп: #REF!
Name впырпфдыпл: #REF!
Name впырпфдыпл: #REF!
Name впьглорьтитттттттттт: #REF!
Name впьглорьтитттттттттт: #REF!
Name всввввввввввввввввввввввввв: #REF!
Name всввввввввввввввввввввввввв: #REF!
Name выб: #REF!
Name выб: #REF!
Name выпуск: #REF!
Name выпуск: #REF!
Name выьлепвввввпмп: #REF!
Name выьлепвввввпмп: #REF!
Name еваопродолжэрщэрзшщщх: #REF!
Name еваопродолжэрщэрзшщщх: #REF!
Name измен: #REF!
Name измен: #REF!
Name итого: #REF!
Name итого: #REF!
Name итого: #REF!
Name итого_сантех: #REF!

Sheet 24821
A1: СОГЛАСОВАНО: | E1: ФГУП "Комбинат "Электрохимприбор" | M1: УТВЕРЖДАЮ:
G2: (наименование стройки) | M2: Зам. генерального директора
M3: Е.В.Гордеев
A4: _________________ | M4: _________________
A5: " _____ " ________________ 2013 г. | M5: "______ " __________2013 г.
G6: ЛОКАЛЬНЫЙ СМЕТНЫЙ РАСЧЕТ № 24821
G7: (локальная смета)
C9: на | D9: наружное освещение. Площадка XIV.
G10: (наименование работ и затрат, наименование объекта)
D12: Основание: проект № 24478-12-ЭН
D13: Сметная стоимость _______________________________________________________________________________________________ | J13: ___________________________314,463 | L13: тыс. руб.
D14: строительных работ _______________________________________________________________________________________________ | J14: _______________________________________________________________________________________________78,679 | L14: тыс. руб.
D15: монтажных работ _______________________________________________________________________________________________ | J15: _______________________________________________________________________________________________229,614 | L15: тыс. руб.
D16: оборудования _______________________________________________________________________________________________ | J16: _______________________________________________________________________________________________6,170 | L16: тыс. руб.
D17: Средства на оплату труда _______________________________________________________________________________________________ | J17: ___________________________28,107 | L17: тыс. руб.
D18: Сметная трудоемкость _______________________________________________________________________________________________ | J18: _______________________________________________________________________________________________1676,93 | L18: чел.час
D19: Материалы ______________________________________ | K19: =K136/1000 -> 194.496 | L19: тыс.руб.
D20: Составлен(а) в базовых ценах 2001г. в редакции 2009г.
A22: № пп | B22: Обоснова-ние | C22: Наименование | D22: Ед. изм. | E22: Кол. | F22: Стоимость единицы, руб. | J22: Общая стоимость, руб. | O22: Т/з осн. раб.на ед. | P22: Т/з осн. раб. Всего | Q22: Общая масса обору-дования, т
F23: Всего | G23: В том числе | J23: Обору-дование | K23: Всего | L23: В том числе
G24: Осн.З/п | H24: Эк.Маш | I24: З/пМех | L24: Осн.З/п | M24: Эк.Маш | N24: З/пМех
A25: 1 | B25: 2 | C25: 3 | D25: 4 | E25: 5 | F25: 6 | G25: 7 | H25: 8 | I25: 9 | J25: 10 | K25: 11 | L25: 12 | M25: 13 | N25: 14 | O25: 15 | P25: 16 | Q25: 17
A26: Раздел 1. Наружное освещение
A27: 1 | B27: ТЕРм08-02-369-03 | C27: Демонтаж: светильник, устанавливаемый вне зданий КОЭФ. К ПОЗИЦИИ: Демонтаж оборудования, которое не подлежит дальнейшему использованию (предназначено в лом) без разборки и резки ОЗП=0,3; ЭМ=0,3 к расх.; ЗПМ=0,3; МАТ=0 к расх.; ТЗ=0,3; ТЗМ=0,3 | D27: 1 шт. | E27: 1 | F27: 26.7 | G27: 8.12 | H27: 18.58 | I27: 2.08 | K27: 27 | L27: 8 | M27: 19 | N27: 2 | O27: 0.55 | P27: 0.55
A28: 2 | B28: ТЕР33-04-003-01 | C28: Установка железобетонных опор одностоечных | D28: 1 опора | E28: 18 | F28: 194.49 | G28: 47.42 | H28: 131.69 | I28: 15.14 | K28: 3501 | L28: 854 | M28: 2370 | N28: 273 | O28: 3.8 | P28: 68.4
A29: 3 | B29: ТЕР06-01-001-13 прим. | C29: Обетонивание опор | D29: 100 м3 | E29: 0.054 | F29: 60193.42 | G29: 7185.1 | H29: 2167.03 | I29: 354.86 | K29: 3250 | L29: 388 | M29: 117 | N29: 19 | O29: 598.26 | P29: 32.31
A30: 4 | B30: ТСЦ-403-1173 | C30: Стойка железобетонная СЦс-0,8-10 /бетон В22,5 (М300), объем 0,271 м3, расход ар-ры 49,33 кг/ (серия 3.320-1) | D30: шт. | E30: 18 | F30: 1024.18 | K30: 18435
A31: 5 | B31: ТЕРм08-02-363-01 | C31: Кронштейны специальные на опорах для светильников сварные металлические, количество рожков 1 | D31: 1 шт. | E31: 8 | F31: 283.71 | G31: 46.92 | H31: 213.1 | I31: 24.57 | K31: 2270 | L31: 375 | M31: 1705 | N31: 197 | O31: 3.41 | P31: 27.28
A32: 6 | B32: ТЕРм08-02-363-02 | C32: Кронштейны специальные на опорах для светильников сварные металлические, количество рожков 2 | D32: 1 шт. | E32: 10 | F32: 344.42 | G32: 62.61 | H32: 251.86 | I32: 28.94 | K32: 3444 | L32: 626 | M32: 2519 | N32: 289 | O32: 4.55 | P32: 45.5
A33: 7 | B33: Цена поставщика | C33: Кронштейн для светильника К1К 2,5-2,5 (Ц:3100руб:1,18:5,56) | D33: шт | E33: 8 | F33: 472.5 | K33: 3780
A34: 8 | B34: Цена поставщика | C34: Кронштейн для светильника К2К 2,5-2,5-180 (Ц:4900руб:1,18:5,56) | D34: шт | E34: 4 | F34: 746.86 | K34: 2987
A35: 9 | B35: Цена поставщика | C35: Кронштейн для светильника К2К 2,5-2,5-90 (Ц:4350руб:1,18:5,56) | D35: шт | E35: 6 | F35: 663.03 | K35: 3978
A36: 10 | B36: ТЕРм08-02-364-02 | C36: Кронштейн «Переход» на стене | D36: 1 шт. | E36: 12 | F36: 29.48 | G36: 14.67 | H36: 11.69 | I36: 0.73 | K36: 354 | L36: 176 | M36: 140 | N36: 9 | O36: 1.05 | P36: 12.6
A37: 11 | B37: Цена поставщика | C37: Кронштейн настенный (Ц:144руб:1,18:5,56) | D37: шт | E37: 12 | F37: 21.95 | K37: 263
A38: 12 | B38: ТЕРм08-02-369-03 | C38: Светильник, устанавливаемый вне зданий с лампами ртутными | D38: 1 шт. | E38: 40 | F38: 140.13 | G38: 27.07 | H38: 61.94 | I38: 6.92 | K38: 5605 | L38: 1083 | M38: 2478 | N38: 277 | O38: 1.83 | P38: 73.2
A39: 13 | B39: ТСЦ-509-1345 прим. | C39: Светильник ЖКУ 11-250, с выпуклым стеклом | D39: шт | E39: 40 | F39: 856.94 | K39: 34278
A40: 14 | B40: ТСЦ-509-0678 | C40: Лампы газоразрядные высокого давления типа ДНаТ 250-5 | D40: 10 шт. | E40: 4 | F40: 952 | K40: 3808
A41: 15 | B41: ТЕРм08-03-545-01 | C41: Коробка (ящик) с зажимами для кабелей и проводов сечением до 6 мм2, устанавливаемая на конструкции на стене или колонне, количество зажимов до 10 | D41: 1 шт. | E41: 19 | F41: 160.78 | G41: 43.86 | H41: 2.36 | K41: 3055 | L41: 833 | M41: 45 | O41: 3.31 | P41: 62.89
A42: 16 | B42: Цена поставщика | C42: Соединительная коробка EKM 2035-2D (Ц:1500руб:1,18:5,56) | D42: шт | E42: 19 | F42: 228.63 | K42: 4344
A43: 17 | B43: ТЕРм08-03-572-07 | C43: Блок управления шкафного исполнения или распределительный пункт (шкаф), устанавливаемый на полу, высота и ширина до 1700х1100 мм | D43: 1 шт. | E43: 1 | F43: 685.88 | G43: 65.1 | H43: 129.15 | I43: 7.46 | K43: 686 | L43: 65 | M43: 129 | N43: 7 | O43: 4.66 | P43: 4.66
A44: 18 | B44: ФССЦ-503-4057 прим. | C44: Шкаф металлический напольный унифицированный ШНО-02-У3, для установки в помещениях и на открытом воздухе КОЭФ. К ПОЗИЦИИ: Приведение расценок ФЕР к территориальному уровню (Письмо УРЦЦС Ц-297 от 12.04.2011) ОЗП=1,41; ЭМ=1,242; ЗПМ=1,41; МАТ=1,052 | D44: шт. | E44: 1 | J44: 5919 | K44: 5919
A45: 19 | B45: ТЕРм08-02-372-02 | C45: Предохранитель столбовой на опоре железобетонной | D45: 1 шт. | E45: 3 | F45: 115.27 | G45: 17.57 | H45: 93.3 | I45: 10.74 | K45: 346 | L45: 53 | M45: 280 | N45: 32 | O45: 1.24 | P45: 3.72
A46: 20 | B46: ТСЦ-509-2047 | C46: Предохранитель | D46: шт. | E46: 3 | F46: 43.29 | K46: 130
A47: 21 | B47: ТЕРм08-02-472-06 | C47: Проводник заземляющий открыто по строительным основаниям из полосовой стали сечением 100 мм2 | D47: 100 м | E47: 0.1 | F47: 1351.39 | G47: 251.75 | H47: 85.67 | I47: 3.46 | K47: 135 | L47: 25 | M47: 9 | O47: 19 | P47: 1.9
A48: 22 | B48: ТЕРм08-03-526-01 | C48: Автомат одно-, двух-, трехполюсный, устанавливаемый в шкафу, на ток до 25 А | D48: 1 шт. | E48: 4 | F48: 174.77 | G48: 20.9 | H48: 1.28 | K48: 699 | L48: 84 | M48: 5 | O48: 1.56 | P48: 6.24
A49: 23 | B49: ТСЦ-509-0152 | C49: Выключатели автоматические АП50Б 2МТ У3 I-63А | D49: шт. | E49: 4 | F49: 41.72 | K49: 167
A50: 24 | B50: ТЕРм10-01-039-06 | C50: Реле с подготовкой места установки | D50: 1 шт. | E50: 6 | F50: 24.5 | G50: 24.02 | K50: 147 | L50: 144 | O50: 2 | P50: 12
A51: 25 | B51: ТСЦ-509-0588 | C51: Реле | D51: шт. | E51: 6 | F51: 93.1 | K51: 559
A52: 26 | B52: ФССЦ-503-0535 | C52: Разветвительная коробка У-995 КОЭФ. К ПОЗИЦИИ: Приведение расценок ФЕР к территориальному уровню (Письмо УРЦЦС Ц-297 от 12.04.2011) ОЗП=1,41; ЭМ=1,242; ЗПМ=1,41; МАТ=1,052 | D52: шт. | E52: 3 | F52: 52.54 | K52: 158
A53: 27 | B53: ФССЦ-503-0532 | C53: Разветвительная коробка У-409 КОЭФ. К ПОЗИЦИИ: Приведение расценок ФЕР к территориальному уровню (Письмо УРЦЦС Ц-297 от 12.04.2011) ОЗП=1,41; ЭМ=1,242; ЗПМ=1,41; МАТ=1,052 | D53: шт. | E53: 8 | F53: 36.3 | K53: 290
A54: 28 | B54: ТЕРм08-03-525-01 | C54: Выключатель или переключатель пакетный в металлической оболочке, устанавливаемый на конструкции на стене или колонне, с количеством зажимов для подключения до 9 на ток до 25 А | D54: 1 шт. | E54: 1 | F54: 140.25 | G54: 28.32 | H54: 1.28 | K54: 140 | L54: 28 | M54: 1 | O54: 2.09 | P54: 2.09
A55: 29 | B55: ТСЦ-509-5040 | C55: Выключатели и переключатели открытые (степень защиты IP00) ПВ2-60 М3Б | D55: шт. | E55: 1 | F55: 96.59 | K55: 97
A56: 30 | B56: ТЕРм08-02-141-02 | C56: Кабель до 35 кВ в готовых траншеях без покрытий, масса 1 м до 2 кг | D56: 100 м кабеля | E56: 6.58 | F56: 926.33 | G56: 185.64 | H56: 626.08 | I56: 64.68 | K56: 6095 | L56: 1222 | M56: 4120 | N56: 426 | O56: 13.7 | P56: 90.15
A57: 31 | B57: ТЕРм08-02-142-01 | C57: Устройство постели при одном кабеле в траншее | D57: 100 м кабеля | E57: 6.58 | F57: 1549.97 | G57: 89.84 | H57: 1458.33 | I57: 90.82 | K57: 10199 | L57: 591 | M57: 9596 | N57: 598 | O57: 6.63 | P57: 43.63
A58: 32 | B58: ТСЦ-408-0122 | C58: Песок природный для строительных работ средний | D58: м3 | E58: 99 | F58: 135.61 | K58: 13425
A59: 33 | B59: ТЕРм08-02-143-01 | C59: Покрытие кабеля, проложенного в траншее кирпичом одного кабеля | D59: 100 м кабеля | E59: 4.43 | F59: 1329.11 | G59: 88.21 | H59: 1239.14 | I59: 77.17 | K59: 5888 | L59: 391 | M59: 5489 | N59: 342 | O59: 6.51 | P59: 28.84
A60: 34 | B60: ТСЦ-404-0001 | C60: Кирпич керамический одинарный, размером 250х120х65 мм, марка 25 | D60: 1000 шт. | E60: 3.639 | F60: 607.88 | K60: 2212
A61: 35 | B61: ТЕРм08-02-148-02 | C61: Кабель до 35 кВ в проложенных трубах, блоках и коробах, масса 1 м кабеля до 2 кг | D61: 100 м кабеля | E61: 2.49 | F61: 1111.02 | G61: 247.97 | H61: 775.44 | I61: 82.28 | K61: 2766 | L61: 617 | M61: 1931 | N61: 205 | O61: 18.3 | P61: 45.57
A62: 36 | B62: ТЕРм08-02-145-01 | C62: Кабель до 35 кВ, прокладываемый по дну канала без креплений, масса 1 м кабеля до 1 кг | D62: 100 м кабеля | E62: 0.15 | F62: 556.19 | G62: 99.19 | H62: 359.55 | I62: 36.04 | K62: 83 | L62: 15 | M62: 54 | N62: 5 | O62: 7.32 | P62: 1.1
A63: 37 | B63: ТЕРм08-02-155-01 | C63: Герметизация уплотнительной массой в трубах с обоих концов | D63: 1 проход кабеля | E63: 44 | F63: 22.58 | G63: 6.37 | K63: 994 | L63: 280 | O63: 0.47 | P63: 20.68
A64: 38 | B64: ТЕРм08-02-401-01 | C64: Кабель двух-четырехжильный сечением жилы до 16 мм2 с креплением накладными скобами, полосками с установкой ответвительных коробок КОЭФ. К ПОЗИЦИИ: 1.8.3.ОП При производстве работ на высоте свыше расстояний, указанных в вводных указаниях к разделам сборника: при высоте свыше 2 до 8 м ОЗП=1,05; ТЗ=1,05 | D64: 100 м | E64: 3.4 | F64: 4067.05 | G64: 717.89 | H64: 957.86 | I64: 390.47 | K64: 13828 | L64: 2441 | M64: 3257 | N64: 1328 | O64: 54.18 | P64: 184.21
A65: 39 | B65: ТЕРм08-02-402-01 | C65: Кабель двух-четырехжильный по установленным конструкциям и лоткам с установкой ответвительных коробок в помещениях с нормальной средой сечением жилы до 10 мм2 КОЭФ. К ПОЗИЦИИ: 1.8.3.ОП При производстве работ на высоте свыше расстояний, указанных в вводных указаниях к разделам сборника: при высоте свыше 2 до 8 м ОЗП=1,05; ТЗ=1,05 | D65: 100 м | E65: 1.57 | F65: 1141.75 | G65: 212.87 | H65: 704.04 | I65: 87.33 | K65: 1793 | L65: 334 | M65: 1105 | N65: 137 | O65: 16.07 | P65: 25.23
A66: 40 | B66: ТЕРм08-02-412-02 | C66: Затягивание провода в проложенные трубы и металлические рукава первого одножильного или многожильного в общей оплетке, суммарное сечение до 6 мм2 | D66: 100 м | E66: 4.8 | F66: 676.59 | G66: 89.31 | H66: 5.85 | I66: 0.36 | K66: 3248 | L66: 429 | M66: 28 | N66: 2 | O66: 6.74 | P66: 32.35
A67: 41 | B67: Цена поставщика | C67: Кабель силовой АВБбШв 3х35+1х16 мм2 (Ц:125934,03руб:1,18:5,56) | D67: 1000 м | E67: 0.3111 | F67: 19194.92 | K67: 5972
A68: 42 | B68: Цена поставщика | C68: Кабель силовой АВБбШв 4х6 мм2 (Ц:48925,75руб:1,18:5,56) | D68: 1000 м | E68: 0.102 | F68: 7457.28 | K68: 761
A69: 43 | B69: ТСЦ-501-8247 | C69: Кабель силовой с медными жилами с поливинилхлоридной изоляцией в поливинилхлоридной оболочке без защитного покрова ВВГ, напряжением 1,00 Кв, число жил 3 и сечением 25 мм2 плюс 1х16 | D69: 1000 м | E69: 0.015 | F69: 102463.99 | K69: 1537
A70: 44 | B70: Цена поставщика | C70: Кабель силовой АВБбШв 3х25+1х16 мм2 (Ц:105374руб:1,18:5,56) | D70: 1000 м | E70: 0.4284 | F70: 16061.15 | K70: 6881
A71: 45 | B71: ТСЦ-501-8191 | C71: Кабель силовой с медными жилами с поливинилхлоридной изоляцией в поливинилхлоридной оболочке без защитного покрова ВВГ, напряжением 0,66 Кв, число жил 3 и сечением 2,5 мм2 | D71: 1000 м | E71: 0.3468 | F71: 10382 | K71: 3600
A72: 46 | B72: Цена поставщика | C72: Кабель силовой АВБбШв 3х6 мм2 (Ц:109697,23руб:1,18:5,56) | D72: 1000 м | E72: 0.0663 | F72: 16720.1 | K72: 1109
A73: 47 | B73: ТСЦ-501-8195 | C73: Кабель силовой с медными жилами с поливинилхлоридной изоляцией в поливинилхлоридной оболочке без защитного покрова ВВГ, напряжением 0,66 Кв, число жил 3 и сечением 6,0 мм2 | D73: 1000 м | E73: 0.1683 | F73: 18107 | K73: 3047
A74: 48 | B74: ТСЦ-501-8190 | C74: Кабель силовой с медными жилами с поливинилхлоридной изоляцией в поливинилхлоридной оболочке без защитного покрова ВВГ, напряжением 0,66 Кв, число жил 3 и сечением 1,5 мм2 | D74: 1000 м | E74: 0.4896 | F74: 6962.8 | K74: 3409
A75: 49 | B75: ТЕРм08-02-407-01 | C75: Труба стальная по установленным конструкциям, по стенам с креплением скобами, диаметр до 25 мм КОЭФ. К ПОЗИЦИИ: 1.8.3.ОП При производстве работ на высоте свыше расстояний, указанных в вводных указаниях к разделам сборника: при высоте свыше 2 до 8 м ОЗП=1,05; ТЗ=1,05 | D75: 100 м | E75: 0.04 | F75: 2547.61 | G75: 428.51 | H75: 897.93 | I75: 320.97 | K75: 102 | L75: 17 | M75: 36 | N75: 13 | O75: 32.34 | P75: 1.29
A76: 50 | B76: ТСЦ-103-0003 | C76: Трубы стальные сварные водогазопроводные с резьбой черные легкие (неоцинкованные) диаметр условного прохода 25 мм, толщина стенки 2,8 мм | D76: м | E76: 4 | F76: 20.68 | K76: 83
A77: 51 | B77: ТЕРм08-02-396-02 | C77: Короб металлический на конструкциях, кронштейнах, по фермам и колоннам, длина 3 м | D77: 100 м | E77: 1.59 | F77: 1882.24 | G77: 420.03 | H77: 824.1 | I77: 180.73 | K77: 2993 | L77: 668 | M77: 1310 | N77: 287 | O77: 31.7 | P77: 50.4
A78: 52 | B78: ФССЦ-509-2857 | C78: Лоток металлический неперфорированный размером 50х50 мм, с крышкой КОЭФ. К ПОЗИЦИИ: Приведение расценок ФЕР к территориальному уровню (Письмо УРЦЦС Ц-297 от 12.04.2011) ОЗП=1,41; ЭМ=1,242; ЗПМ=1,41; МАТ=1,052 | D78: м | E78: 159 | F78: 27.47 | K78: 4368
A79: Раздел 2. Строительные работы
A80: Подготовительные работы
A81: 53 | B81: ТЕР01-02-119-03 | C81: Расчистка площадей от кустарника и мелколесья вручную при густой поросли | D81: 100 м2 | E81: 4.46 | F81: 108.81 | G81: 108.81 | K81: 485 | L81: 485 | O81: 9.06 | P81: 40.41
A82: 54 | B82: ТЕР01-02-099-05 | C82: Валка деревьев мягких пород с корня, диаметр стволов до 32 см | D82: 100 деревьев | E82: 0.08 | F82: 207.62 | G82: 177.55 | H82: 30.07 | K82: 17 | L82: 15 | M82: 2 | O82: 13.4 | P82: 1.07
A83: 55 | B83: ТЕР01-02-101-06 | C83: Разделка древесины мягких пород, полученной от валки леса, диаметр стволов до 32 см | D83: 100 деревьев | E83: 0.08 | F83: 676.92 | G83: 572.79 | H83: 104.13 | K83: 54 | L83: 46 | M83: 8 | O83: 48.5 | P83: 3.88
A84: 56 | B84: ТЕР01-02-105-02 | C84: Корчевка пней в грунтах естественного залегания корчевателями-собирателями на тракторе мощностью 79 кВт (108 л.с.) с перемещением пней до 5 м, диаметр пней до 32 см | D84: 100 пней | E84: 0.08 | F84: 451.18 | H84: 451.18 | I84: 60.53 | K84: 36 | M84: 36 | N84: 5
A85: 57 | B85: ТЕР01-02-108-02 | C85: Обивка земли с выкорчеванных пней корчевателями-собирателями на тракторе мощностью 79 кВт (108 л.с.), диаметр пней свыше до 24 см | D85: 100 пней | E85: 0.08 | F85: 167.83 | H85: 167.83 | I85: 22.51 | K85: 13 | M85: 13 | N85: 2
A86: 58 | B86: ТЕР01-02-107-01 | C86: Засыпка ям подкоренных бульдозерами мощностью 79 кВт (108 л.с.) | D86: 100 ям | E86: 0.08 | F86: 248.47 | H86: 248.47 | I86: 39.42 | K86: 20 | M86: 20 | N86: 3
A87: 59 | B87: СЦП1-1-27-А | C87: Погрузочные работы при автомобильных перевозках: мусор строительный (дрова, кустарник, пни) | D87: т | E87: 0.7 | F87: 2.7 | G87: 2.7 | K87: 2 | L87: 2
A88: 60 | B88: СЦП3-3-5-1 | C88: Перевозка грузов автомобилями-самосвалами (работающими вне карьеров): расстояние 5 км, класс груза I КОЭФ. К ПОЗИЦИИ: 17 При перевозке грузов к провозной плате (тарифам) применять поправочный коэффициент ПЗ=1,37 | D88: т | E88: 0.7 | F88: 10.58 | H88: 10.58 | K88: 7 | M88: 7
A89: Устройство траншеи
A90: 61 | B90: ТЕР01-01-003-09 | C90: Разработка грунта в отвал экскаваторами «драглайн» или «обратная лопата» с ковшом вместимостью 0,65 (0,5-1) м3, группа грунтов 3 | D90: 1000 м3 грунта | E90: 0.297 | F90: 4796.33 | G90: 145.29 | H90: 4651.04 | I90: 489.16 | K90: 1425 | L90: 43 | M90: 1382 | N90: 145 | O90: 13.22 | P90: 3.93
A91: 62 | B91: ТЕР01-02-057-02 | C91: Разработка грунта вручную в траншеях глубиной до 2 м без креплений с откосами, группа грунтов 2 (зачистка дна траншеи) | D91: 100 м3 грунта | E91: 0.09 | F91: 1692.46 | G91: 1692.46 | K91: 152 | L91: 152 | O91: 154 | P91: 13.86
A92: 63 | B92: ТЕР01-01-033-05 | C92: Засыпка траншей и котлованов с перемещением грунта до 5 м бульдозерами мощностью 79 кВт (108 л.с.), группа грунтов 2 | D92: 1000 м3 грунта | E92: 0.198 | F92: 445.76 | H92: 445.76 | I92: 70.73 | K92: 88 | M92: 88 | N92: 14
A93: 64 | B93: ТЕР01-02-061-02 | C93: Засыпка вручную траншей, пазух котлованов и ям, группа грунтов 2 | D93: 100 м3 грунта | E93: 0.09 | F93: 1027.4 | G93: 1027.4 | K93: 92 | L93: 92 | O93: 97.2 | P93: 8.75
A94: 65 | B94: ТЕР01-02-057-03 | C94: Разработка грунта вручную в траншеях глубиной до 2 м без креплений с откосами, группа грунтов 3 (шурфы 104 шт; из расчета 1м3 на 1шт) | D94: 100 м3 грунта | E94: 1.04 | F94: 2725.52 | G94: 2725.52 | K94: 2835 | L94: 2835 | O94: 248 | P94: 257.92
A95: 66 | B95: ТЕР01-02-061-03 | C95: Засыпка вручную траншей, пазух котлованов и ям, группа грунтов 3 (шурфы) | D95: 100 м3 грунта | E95: 1.04 | F95: 1278.97 | G95: 1278.97 | K95: 1330 | L95: 1330 | O95: 121 | P95: 125.84
A96: 67 | B96: ТЕР01-02-005-02 | C96: Уплотнение грунта пневматическими трамбовками, группа грунтов 3-4 | D96: 100 м3 | E96: 1.98 | F96: 721.54 | G96: 179.67 | H96: 541.87 | I96: 56.7 | K96: 1429 | L96: 356 | M96: 1073 | N96: 112 | O96: 14.96 | P96: 29.62
A97: 68 | B97: ТЕР22-01-011-03 | C97: Укладка стальных водопроводных труб диаметром 100 мм | D97: 1 км | E97: 0.245 | F97: 102266.83 | G97: 5150.27 | H97: 4754.2 | I97: 605.7 | K97: 25055 | L97: 1262 | M97: 1165 | N97: 148 | O97: 353 | P97: 86.49
A98: 69 | B98: ТСЦ-103-0010 | C98: Трубы стальные сварные водогазопроводные с резьбой черные легкие (неоцинкованные) диаметр условного прохода 100 мм, толщина стенки 4 мм | D98: м | E98: 245 | F98: 100.13 | K98: 24532
A99: Вскрытие и восстановление асфальтового покрытия
A100: 70 | B100: ТЕР27-03-008-04 | C100: Разборка покрытий и оснований асфальтобетонных | D100: 100 м3 конструкций | E100: 0.03 | F100: 9798.75 | G100: 2105.46 | H100: 7693.29 | I100: 716.85 | K100: 294 | L100: 63 | M100: 231 | N100: 22 | O100: 179.8 | P100: 5.39
A101: 71 | B101: ТЕР27-03-008-02 | C101: Разборка покрытий и оснований щебеночных | D101: 100 м3 конструкций | E101: 0.08 | F101: 674.6 | G101: 145.29 | H101: 529.31 | I101: 65.38 | K101: 54 | L101: 12 | M101: 42 | N101: 5 | O101: 13.22 | P101: 1.06
A102: 72 | B102: ТЕР27-04-005-01 | C102: Устройство оснований толщиной 15 см из щебня фракции 40-70 мм при укатке каменных материалов с пределом прочности на сжатие свыше 98,1 МПа (1000 кгс/см2) однослойных | D102: 1000 м2 основания | E102: 0.042 | F102: 32528.99 | G102: 429.21 | H102: 5950.28 | I102: 827.17 | K102: 1366 | L102: 18 | M102: 250 | N102: 35 | O102: 37.29 | P102: 1.57
A103: 73 | B103: ТЕР27-06-026-01 | C103: Розлив битума (0,8кг на 1м2) | D103: 1 т | E103: 0.0336 | F103: 2017.46 | H103: 46.53 | I103: 11.16 | K103: 68 | M103: 2
...

Sheet НМЦ
A1: г. Лесной ФГУП "Комбинат "Электрохимприбор"
A3: Расчет начальной (максимальной) цены
A5: Выполнение строительно-монтажных работ по наружному освещению площадки XIV
A8: Составлен в ценах по состоянию на 01.01.2000 г. с переводом в текущие | D8: руб.
A9: Наименование глав ССР, объектных сметных расчетов, локальных сметных расчетов, видов работ | B9: Сметная стоимость в базисных ценах на 01.01.2000 | C9: Текущая стоимость на момент определения начальной (максимальной) цены | D9: № обосновывающего расчета
A13: 1 | B13: 2 | C13: 3 | D13: 4
A14: Наружное освещение. Площадка XIV. | B14: ='Сводка затрат'!H14 -> 314463 | C14: =ROUND('Сводка затрат'!D14*5.56,0)+ROUND('Сводка затрат'!E14*5.56,0)+ROUND('Сводка затрат'!F14*4.19,0)+ROUND('Сводка затрат'!G14*9.32,0) -> 1739961 | D14: 24821
A15: Итого | B15: =SUM(B14:B14) -> 314463 | C15: =SUM(C14:C14) -> 1739961
A17: НДС 18% | C17: =ROUND(C15*18%,2) -> 313192.98
A19: Всего | C19: =SUM(C15:C18) -> 2053154
A22: Начальник отдела
A23: капитального строительства | C23: В.В. Моляков
A25: Инженер по проектно-сметной работе | C25: Т.Ш. Ковязина
A28: Согласовано | C28: отдел 028

Sheet Сводка затрат
A1: Приложение №__ к договору от "__"______2013 №_______
A3: г. Лесной. ФГУП "Комбинат "Электрохимприбор"
A5: Сводка затрат
A7: Выполнение строительно-монтажных работ по наружному освещению площадки XIV
A10: Составлен в ценах по состоянию на 01.01.2000 г.
A11: № п/п | B11: Номера сметных расчетов и смет | C11: Наименование работ и затрат | D11: Сметная стоимость | H11: Общая сметная стоимость, руб.
D12: строительных работ | E12: монтажных работ | F12: оборудования, мебели, инвентаря | G12: прочих затрат
A13: 1 | B13: 2 | C13: 3 | D13: 4 | E13: 5 | F13: 6 | G13: 7 | H13: 8
A14: 1 | B14: 24821 | C14: Наружное освещение. Площадка XIV. | D14: ='24821'!K131 -> 78679 | E14: ='24821'!K132 -> 229614 | F14: ='24821'!K133 -> 6170 | G14: 0 | H14: =SUM(D14:G14) -> 314463
C15: Итого в базисных ценах 2000 г. | D15: =SUM(D14:D14) -> 78679 | E15: =SUM(E14:E14) -> 229614 | F15: =SUM(F14:F14) -> 6170 | G15: =SUM(G14:G14) -> 0 | H15: =SUM(D15:G15) -> 314463
C16: Всего в ценах 2013 (Ксмр=5,56, Коб.=4,19, Кпнр=9,32) | D16: =ROUND(D15*5.56,0) -> 437455 | E16: =ROUND(E15*5.56,0) -> 1276654 | F16: =ROUND(F15*4.19,0) -> 25852 | G16: =ROUND(G15*9.32,0) -> 0 | H16: =SUM(D16:G16) -> 1739961
C17: НДС 18% | D17: =ROUND(D16*18%,2) -> 78741.9 | E17: =ROUND(E16*18%,2) -> 229797.72 | F17: =ROUND(F16*18%,2) -> 4653.36 | G17: =ROUND(G16*18%,2) -> 0 | H17: =SUM(D17:G17) -> 313192.98
C18: Всего в ценах 2013 с НДС | D18: =SUM(D16:D17) -> 516196.9 | E18: =SUM(E16:E17) -> 1506451.7 | F18: =SUM(F16:F17) -> 30505.36 | G18: =SUM(G16:G17) -> 0 | H18: =SUM(D18:G18) -> 2053154
C22: ЗАКАЗЧИК: | H22: ПОДРЯДЧИК:
C23: Генеральный директор
C24: ФГУП "Комбинат "Электрохимприбор"
C26: __________________ А.В. Новиков
